 Dungeon Crawl Stone Soup version 0.31.0-9-g3a7656b989 (webtiles) character file.

Game seed: 10969725098329766272

398 Peloso the Trooper (level 6, -8/56 HPs)
             Began as a Minotaur Fighter on Jan 31, 2024.
             Mangled by a hornet (12 damage)
             ... on level 4 of the Dungeon.
             The game lasted 00:03:48 (3247 turns).

Peloso the Trooper (Minotaur Fighter)               Turns: 3247, Time: 00:03:50

Health: -8/56      AC: 15    Str: 20    XL:     6   Next: 53%
Magic:  5/5        EV:  8    Int:  5    God:
Gold:   127        SH:  6    Dex: 18    Spells: 5/5 levels left

rFire   . . .        a - +1 long sword
rCold   . . .        c - +0 buckler
rNeg    . . .        l - +4 chain mail {ponderous}
rPois   .            (helmet restricted)
rElec   .            (no cloak)
rCorr   .            m - +0 pair of gloves
SInv    .            (no boots)
Will    .....        (no amulet) Stlth
                     i - +6 ring of dexterity
HPRegen 0.29/turn    (no ring)
MPRegen 0.09/turn

%: no passive effects
@: mighty, brilliant, lethally poisoned (-8 -> -12), attractive, slowed, very
slow
A: horns 2, retaliatory headbutt
a: no special abilities


You were on level 4 of the Dungeon.
You visited 1 branch of the dungeon, and saw 4 of its levels.

You collected 127 gold pieces.

Inventory:

Hand Weapons
 a - a +1 long sword (weapon)
Armour
 b - a +0 scale mail
 c - a +0 buckler (worn)
 l - a +4 chain mail of ponderousness (worn)
 m - a +0 pair of gloves (worn)
Jewellery
 i - a +6 ring of dexterity (left hand)
Scrolls
 e - a scroll of torment {unknown}
 f - a scroll of identify
 h - a scroll of vulnerability {unknown}
 j - a scroll of blinking
 k - 2 scrolls of amnesia {unknown}
 o - a scroll of acquirement {unknown}
Potions
 n - a potion of attraction


   Skills:
 + Level 5.5 Fighting
 + Level 5.1 Long Blades
 + Level 5.4 Armour
 + Level 1.3 Dodging
 + Level 0.1 Stealth
 + Level 4.5 Shields


You had 5 spell levels left.
You didn't know any spells.
Your spell library was empty.

Dungeon Overview and Level Annotations

Branches:
Dungeon (4/15)
 Temple: D:4-7

Altars:
Fedhas
Wu Jian

Shops:
D:2 (


Innate Abilities, Weirdness & Mutations

You have a pair of horns on your head.
You reflexively headbutt those who attack you in melee.


Message History

There are monsters nearby!
A hobgoblin comes into view.
The hobgoblin shouts!
You hit the hornet but do no damage. You block the hornet's attack.
A hobgoblin comes into view.
The hornet stings you.
You are poisoned.
You feel yourself slow down.
The hobgoblin moves out of view.
You barely miss the hornet.
You headbutt the hornet, but do no damage.
You feel very sick. You block the hornet's attack.
The hornet stings you but does no damage.
You hit the hornet.
The hornet is lightly wounded.
You feel very sick. The hornet stings you!
You feel as though you will be slow longer.
The hornet stings you but does no damage.
The hornet stings you!
You are more poisoned.
You suddenly lose the ability to move!
You can move again.
You feel very mighty all of a sudden.
You feel very sick.
The hornet stings you but does no damage.
The hornet stings you!
* * * LOW HITPOINT WARNING * * *
You shrug off the repeated paralysis!
The hornet stings you but does no damage.
It was a potion of attraction.
You feel attractive to monsters.
You feel sick. You block the hornet's attack. x2
It was a potion of brilliance.
You feel clever all of a sudden.
You feel sick. The hornet stings you.
* * * LOW HITPOINT WARNING * * *
You feel as though you will be slow longer.
The hornet stings you!
You die...

.. ... ## # #.#
#.....##.# #.#.#
#.##.#.#.#
###.#.###.##...#.#
......##.##...#.#
#.#..##.##...#g#
#.....#.....##g# . #
#..........###y###..#
#
#.............@.....#
#
###.#####....$..###.#
#.# #....##.....# #.#
#...!# .##### ##'##
#.#.## .# ##...##
#.#.. .#
##.....###.###. .#
##.......##. .#
#.........#


You could see a hornet and 2 hobgoblins.

Vanquished Creatures
  5 orc priests
  An iguana (D:4)
  A sleepcap (D:4)
  3 orc wizards
  Robin (D:2)
  3 gnolls (D:2)
  2 ribbon worms
  2 dart slugs
  8 orcs
  4 ball pythons
  3 endoplasms
  5 giant cockroaches
  11 goblins
  7 hobgoblins
  2 quokkas
  4 bats
  7 kobolds
  3 rats
72 creatures vanquished.

Notes
Turn   | Place    | Note
-------+----------+-------------------------------------------
     0 | D:1      | Peloso the Minotaur Fighter began the quest for the Orb.
     0 | D:1      | Reached XP level 1. HP: 19/19 MP: 0/0
   144 | D:1      | Reached XP level 2. HP: 27/27 MP: 1/1
  1009 | D:2      | Reached XP level 3. HP: 33/33 MP: 2/2
  1084 | D:2      | Found a faded altar of an unknown god.
  1302 | D:2      | Found Buimebla's Antique Weapon Shop.
  1347 | D:2      | Noticed Robin
  1358 | D:2      | Killed Robin
  1426 | D:2      | Reached XP level 4. HP: 40/40 MP: 3/3
  1813 | D:3      | Reached XP level 5. HP: 23/47 MP: 4/4
  2244 | D:3      | Reached skill level 1 in Dodging
  2250 | D:3      | Reached skill level 5 in Armour
  2450 | D:3      | Found a blossoming altar of Fedhas.
  2473 | D:3      | Found an ornate altar of the Wu Jian Council.
  2828 | D:3      | Reached skill level 5 in Fighting
  3012 | D:4      | Reached XP level 6. HP: 44/56 MP: 5/5
  3168 | D:4      | Reached skill level 5 in Long Blades
  3240 | D:4      | Noticed a hornet
  3244 | D:4      | Paralysed by a hornet for 1 turns
  3247 | D:4      | Mangled by a hornet

Illustrated notes

Levels and vault maps discovered:
D:1:      noname_arrival_rooms_in_the_neighbourhood, layout_basic,
          nicolae_figureground_sparkle
D:2:      layout_loops_ring, serial_shops, shop,
          hellmonk_ecumenical_altar_inner_sanctum, uniq_robin
D:3:      layout_basic, mainiacjoe_overflow_alcove_2, fedhas_altar_2,
          minivault_26, minmay_crystal_room
D:4:      layout_loops_corners, serial_bayou_pond_e, grunt_decor_one_mirror,
          serial_park_tiny_pond, minmay_manual_monstrance, uniq_blork_the_orc

Skill      XL: |  1  2  3  4  5  6 |
---------------+-------------------+-----
Shields        | 4 |  4.5
Armour         | 4 5 |  5.4
Long Blades    | 3 4 5 |  5.1
Fighting       | 4 5 |  5.5
Dodging        | 1 |  1.3
Stealth        | |  0.1

Action                     |  1- 3 |  4- 6 || total
---------------------------+-------+-------++-------
  Melee: Long sword        |    98 |    86 ||   184
         Headbutt          |    14 |    19 ||    33
    Use: Scroll            |     3 |       ||     3
         Potion            |     1 |     4 ||     5
 Armour: Scale mail        |    70 |    35 ||   105
         Chain mail        |       |    44 ||    44
  Dodge: Dodged            |    38 |    30 ||    68
  Block: Buckler           |    20 |    20 ||    40
